 Dungeon Crawl Stone Soup version 0.30-a0-696-g2367cd04db (webtiles) character file.

Game seed: 5224491873919652580

11 flotson the Sneak (level 2, -2/24 HPs)
             Began as a Demonspawn Delver on Jan 21, 2023.
             Slain by a river rat (7 damage)
             ... in a sewer.
             The game lasted 00:01:03 (100 turns).

flotson the Sneak (Demonspawn Delver)                Turns: 100, Time: 00:01:04

Health: -2/24      AC:  3    Str: 12    XL:     2   Next: 17%
Magic:  2/2        EV: 12    Int: 11    God:
Gold:   12         SH:  0    Dex: 14    Spells: 1/1 levels left

rFire   . . .      SeeInvis .    a - +0 hand axe
rCold   . . .      Faith    .    (no shield)
rNeg    . . .      Spirit   .    b - +0 leather armour
rPois   .          Reflect  .    (no helmet)
rElec   .          Harm     .    (no cloak)
rCorr   .          Rampage  .    (no gloves)
Will    .....                    (no boots)
Stlth   +++                      (no amulet)
HPRegen 0.24/turn                (no ring)
MPRegen 0.08/turn                (no ring)

@: no status effects
A: claws 1
a: no special abilities


You were in a sewer.
You visited 1 branch of the dungeon, and saw 1 of its levels.
You also visited: Sewer.

You collected 12 gold pieces.

Inventory:

Hand Weapons
 a - a +0 hand axe (weapon)
Armour
 b - a +0 leather armour (worn)
Wands
 d - a wand of charming (12)
 g - a wand of digging (3)
Scrolls
 c - a scroll of fog
 e - a scroll of fear
 h - a scroll of butterflies {unknown}
Potions
 f - a potion of haste


   Skills:
 + Level 3.1 Fighting
 + Level 1.9 Axes
 + Level 0.4 Armour
 + Level 2.0 Dodging
 + Level 4.6 Stealth
 + Level 0.4 Evocations


You had one spell level left.
You didn't know any spells.
Your spell library was empty.

Dungeon Overview and Level Annotations

Branches:
Dungeon (5/15)              Sewer (1/1)
 Temple: D:4-7

Altars:
Nemelex Xobeh


Innate Abilities, Weirdness & Mutations

You have sharp fingernails.


Message History

The jackal is almost dead.
You hit the river rat but do no damage.
The river rat twitches its whiskers.
The river rat barely misses you. The jackal barely misses you.
The river rat bites you but does no damage.
The jackal splashes around in the water.
You hit the jackal.
You kill the jackal!
You barely miss the river rat. The river rat misses you.
Your Dodging skill increases to level 2!
You closely miss the river rat. The river rat bites you.
You hit the river rat.
The river rat is lightly wounded.
The river rat closely misses you.
You hit the river rat.
The river rat is heavily wounded.
The river rat barely misses you. The river rat closely misses you.
You hit the river rat.
The river rat is severely wounded.
The river rat barely misses you.
You barely miss the river rat.
The river rat is severely wounded.
The river rat bites you.
You hit the river rat but do no damage.
The river rat is heavily wounded.
The river rat bites you.
You barely miss the river rat.
The river rat is heavily wounded.
The river rat bites you.
You are too injured to fight recklessly!
You are too injured to fight recklessly!
You barely miss the river rat.
The river rat is heavily wounded.
The river rat bites you!
* * * LOW HITPOINT WARNING * * *
The river rat barely misses you.
You hit the river rat.
The river rat is almost dead.
The river rat bites you!
You die...
P~~## ##. ..~.# #PP

...# #~##.# ..#
#~#PP~ ###.##
#~#..######
~~~~###~#....≈≈≈#
######r.~.#~#.∩.≈≈≈≈#
#~~~.~@~..#~#.∩.≈≈≈#
#.~~..~~.~#†#...≈≈≈#
#..~..~.~......≈≈≈##
...PP.~##.~P....≈≈##
.#..P.# #.~....####
##### ########


You could see a river rat.

Vanquished Creatures
  A river rat (Sewer)
  A ball python (D:5)
  A jackal (Sewer)
3 creatures vanquished.

Vanquished Creatures (others)
  A plant (Sewer)
1 creature vanquished.

Grand Total: 4 creatures vanquished

Notes
Turn   | Place    | Note
-------+----------+-------------------------------------------
     0 | D:5      | flotson the Demonspawn Delver began the quest for the Orb.
     0 | D:5      | Reached XP level 1. HP: 18/18 MP: 1/1
    15 | D:5      | Found a sparkling altar of Nemelex Xobeh.
    40 | D:5      | Found a glowing drain.
    50 | Sewer    | Entered a sewer
    81 | Sewer    | Gained mutation: You have sharp fingernails. [demonic
                  | ancestry]
    81 | Sewer    | Reached XP level 2. HP: 24/24 MP: 2/2
   100 | Sewer    | Slain by a river rat

Illustrated notes

Levels and vault maps discovered:
D:5:      layout_basic, lemuel_crystal_altar, cheibrodos_sewer_entry_sluice,
          nicolae_shop_overcharged_wands
Sewer:    sewer_co_scattered_pipes

Skill      XL: |  1  2 |
---------------+-------+-----
Dodging        | 2 |  2.0
Fighting       | |  3.1
Axes           | |  1.9
Armour         | |  0.4
Stealth        | |  4.6
Evocations     | |  0.4

Action                   || total
-------------------------++-------
Melee: Hand axe          ||    21
  Use: Scroll            ||     1
Armor: Leather armour    ||     3
Dodge: Dodged            ||    17

Table legend: (Time is in decaauts)
 A = Elapsed time spent in this place.
 B = Non-inter-level travel time spent in this place.
 C = Inter-level travel time spent in this place.
 D = Time resting spent in this place.
 E = Time spent auto-exploring this place.
 F = Levels seen in this place.
 G = Mean time per level.
                   A        B        C        D        E       F      G
               +--------+--------+--------+--------+--------+-----+--------+
         Total |    106 |    106 |      0 |      0 |      2 |   2 |   53.0 |
       Dungeon |     51 |     51 |      0 |      0 |      0 |   1 |   51.0 |
         Sewer |     54 |     54 |      0 |      0 |      2 |   1 |   54.0 |
               +--------+--------+--------+--------+--------+-----+--------+

Top non-repeatable levels by time:
   Sewer: 54 daAuts
     D:5: 51 daAuts
